 Dungeon Crawl Stone Soup version 0.29-a0-700-g2f1814c7b2 (webtiles) character file.

Game seed: 17330622033868957577

308 DocClef the Skirmisher (level 6, -1/82 HPs)
             Began as a Demonspawn Fighter on June 25, 2022.
             Slain by an elf zombie (3 damage)
             ... in an ossuary.
             The game lasted 00:04:13 (3900 turns).

DocClef the Skirmisher (Demonspawn Fighter)         Turns: 3900, Time: 00:04:13

Health: -1/82      AC: 23    Str: 18    XL:     6   Next: 16%
Magic:  6/6        EV:  2    Int: 10    God:
Gold:   145        SH:  4    Dex: 12    Spells: 5/5 levels left

rFire   . . .      SeeInvis .   a - +1 flail
rCold   . . .      Faith    .   c - +0 buckler
rNeg    . . .      Spirit   .   (body armour currently unavailable)
rPois   +          Reflect  .   (helmet currently unavailable)
rElec   .          Harm     .   (cloak currently unavailable)
rCorr   +          Rampage  .   (gloves currently unavailable)
Will    .....      NoTele   +   (boots currently unavailable)
Stlth   +.........              (no amulet)
HPRegen 0.23/turn               g - ring of resist corrosion
MPRegen 0.10/turn               (no ring)

@: mighty, brilliant, tree-form, hasted (expiring), very quick
A: stationary, stasis, torment immunity, boosted hp, foul stench 2, (sturdy
frame 2)
a: no special abilities


You were in an ossuary.
You were a tree.
You visited 1 branch of the dungeon, and saw 4 of its levels.
You also visited: Ossuary.

You collected 145 gold pieces.

Inventory:

Hand Weapons
 a - a +1 flail (weapon)
Armour
 b - a +0 scale mail (melded)
 c - a +0 buckler (worn)
Jewellery
 g - a ring of resist corrosion (left branch)
 l - a ring of wizardry
Scrolls
 i - a scroll of identify
Potions
 j - a potion of flight
 k - a potion of cancellation


   Skills:
 + Level 7.0 Fighting
 - Level 1.7 Maces & Flails
 - Level 2.6 Armour
 - Level 2.6 Shields


You had 5 spell levels left.
You didn't know any spells.
Your spell library was empty.

Dungeon Overview and Level Annotations

Branches:
Dungeon (4/15)            Ossuary (1/1)
 Temple: D:4-7

Altars:
Fedhas
Wu Jian
Yredelemnul

Shops:
D:3 [(*


Innate Abilities, Weirdness & Mutations

You are a tree.
Your roots penetrate the ground, keeping you stationary.
You cannot be teleported.
You are immune to unholy pain and torment.
Your maximum health is greatly increased.
Your equipment is partially melded.
You sometimes emit foul miasma when damaged in melee.
((Your movements are less encumbered by armour. (ER -4)))


Message History

The mummy is moderately damaged.
You thump the mummy!
You destroy the mummy!
Your Fighting skill increases to level 7!
You sock the hobgoblin zombie!
You destroy the hobgoblin zombie!
You sock the orc zombie!
The orc zombie is almost destroyed.
The orc zombie hits you but does no damage.
You bludgeon the orc zombie!!
You destroy the orc zombie!
You hit the elf zombie.
The elf zombie is lightly damaged.
The elf zombie completely misses you.
You sock the elf zombie!
The elf zombie is lightly damaged.
The elf zombie hits you but does no damage.
You thump the elf zombie!
The elf zombie is moderately damaged.
You barely miss the elf zombie.
The elf zombie is moderately damaged.
The elf zombie hits you but does no damage.
You barely miss the elf zombie.
The elf zombie is moderately damaged.
The elf zombie hits you.
* * * LOW HITPOINT WARNING * * *
You emit a cloud of foul miasma!
You closely miss the elf zombie.
The elf zombie is moderately damaged.
You barely miss the elf zombie.
The elf zombie is moderately damaged.
The elf zombie hits you but does no damage.
You closely miss the elf zombie.
The elf zombie is moderately damaged.
The elf zombie hits you but does no damage.
You sock the elf zombie!
The elf zombie is heavily damaged.
Your extra speed is starting to run out.
The elf zombie hits you.
You die...

...............#..#
..........Z.......#
...........##.....#
...........##.....#
..................#
..................#
.#####........Z####
. .........ZZ#$$#
∩.........ZZZ♣$#
################


You could see a gnoll zombie, 2 orc zombies, 2 elf zombies and a human zombie.

Vanquished Creatures
  An elf zombie (Ossuary)
  2 centaur zombies (D:3)
  Terence (D:2)
  A hound zombie (D:3)
  A mummy (Ossuary)
  4 adders
  2 adder zombies (Ossuary)
  2 worms (D:3)
  2 dart slugs (D:1)
  4 ball pythons
  3 bats
  5 endoplasms
  3 giant cockroaches
  A gnoll zombie (Ossuary)
  10 goblins
  6 hobgoblins
  4 quokkas
  A ball python zombie (D:3)
  4 frilled lizards
  A hobgoblin zombie (Ossuary)
  6 kobolds
  An orc zombie (Ossuary)
  3 rats
68 creatures vanquished.

Vanquished Creatures (others)
  A plant (D:1)
1 creature vanquished.

Grand Total: 69 creatures vanquished

Notes
Turn   | Place    | Note
-------+----------+-------------------------------------------
     0 | D:1      | DocClef the Demonspawn Fighter began the quest for the Orb.
     0 | D:1      | Reached XP level 1. HP: 18/18 MP: 1/1
   235 | D:1      | Gained mutation: You may rarely emit foul miasma when
                  | damaged in melee. [demonic ancestry]
   235 | D:1      | Reached XP level 2. HP: 24/24 MP: 2/2
   390 | D:1      | Reached skill level 4 in Fighting
  1045 | D:2      | Found a faded altar of an unknown god.
  1118 | D:2      | Found an ornate altar of the Wu Jian Council.
  1151 | D:2      | Gained mutation: Your movements are slightly less
                  | encumbered by armour. (ER -2) [demonic ancestry]
  1151 | D:2      | Reached XP level 3. HP: 30/30 MP: 3/3
  1963 | D:2      | Noticed Terence
  1972 | D:2      | Killed Terence
  1973 | D:2      | Reached skill level 5 in Fighting
  1973 | D:2      | Gained mutation: Your movements are less encumbered by
                  | armour. (ER -4) [demonic ancestry]
  1973 | D:2      | Reached XP level 4. HP: 11/39 MP: 4/4
  2797 | D:3      | Found a blossoming altar of Fedhas.
  2928 | D:3      | Found Kurerphog's Weapon Emporium.
  3003 | D:3      | Reached XP level 5. HP: 33/46 MP: 5/5
  3098 | D:3      | Reached skill level 6 in Fighting
  3153 | D:3      | Found a basalt altar of Yredelemnul.
  3279 | D:3      | Found Naet's Assorted Antiques.
  3768 | D:3      | Found Athroli's Armour Boutique.
  3823 | D:4      | Found a sand-covered staircase.
  3830 | Ossuary  | Entered an ossuary
  3879 | Ossuary  | Gained mutation: You sometimes emit foul miasma when
                  | damaged in melee. [demonic ancestry]
  3879 | Ossuary  | Reached XP level 6. HP: 14/53 MP: 6/6
  3884 | Ossuary  | HP: 2/53 [mummy (10)]
  3889 | Ossuary  | Reached skill level 7 in Fighting
  3896 | Ossuary  | HP: 1/82 [elf zombie (4)]
  3900 | Ossuary  | Slain by an elf zombie

Illustrated notes

Levels and vault maps discovered:
D:1:      dpeg_arrival_boxes_within_box, layout_rooms, st_stairs_13,
          minivault_23, serial_bayou_ford_a, grunt_decor_clamped
D:2:      layout_loops_corners, basic_altar, basic_ecumenical_altar,
          uniq_terence
D:3:      layout_basic, fedhas_ov_isle_minmay, nicolae_yredelemnul_corpse_copse,
          serial_shops, nicolae_shop_stone, nicolae_diamond_shop,
          nicolae_shop_hallway_plus, kennysheep_generic_room_14
D:4:      layout_gridville, portal_sewer_entry_a,
          lightli_ossuary_entry_decrepit_ruins,
          hangedman_abyss_or_decor_jellyfish_corner, uniq_ijyb
Ossuary:  ossuary_minmay_tomb_2a

Skill      XL: |  1  2  3  4  5  6 |
---------------+-------------------+-----
Fighting       | 4 5 6 7 |  7.0
Maces & Flails | |  1.7
Armour         | |  2.6
Shields        | |  2.6

Action                   |  1- 3 |  4- 6 || total
-------------------------+-------+-------++-------
Melee: Flail             |   105 |   129 ||   234
  Use: Potion            |     2 |     5 ||     7
       Scroll            |       |     5 ||     5
Armor: Scale mail        |    41 |    61 ||   102
       Skin              |       |     5 ||     5
Dodge: Dodged            |    38 |    80 ||   118
Block: Buckler           |    24 |    24 ||    48

Table legend: (Time is in decaauts)
 A = Elapsed time spent in this place.
 B = Non-inter-level travel time spent in this place.
 C = Inter-level travel time spent in this place.
 D = Time resting spent in this place.
 E = Time spent auto-exploring this place.
 F = Levels seen in this place.
 G = Mean time per level.
                   A        B        C        D        E       F      G
               +--------+--------+--------+--------+--------+-----+--------+
         Total |   3980 |   3925 |     55 |     36 |   3304 |   5 |  796.0 |
       Dungeon |   3906 |   3851 |     55 |     36 |   3304 |   4 |  976.5 |
       Ossuary |     74 |     74 |      0 |      0 |      0 |   1 |   74.0 |
               +--------+--------+--------+--------+--------+-----+--------+

Top non-repeatable levels by time:
     D:2: 1687 daAuts
     D:3: 1124 daAuts
     D:1: 1073 daAuts
 Ossuary: 74 daAuts
     D:4: 19 daAuts
